 Dungeon Crawl Stone Soup version 0.29-a0-320-g9f8742066b (webtiles) character file.

Game seed: 12016948289111808753

814 croobank the Skirmisher (level 7, -17/63 HPs)
             Began as a Hill Orc Fighter on Apr 2, 2022.
             Killed from afar by a gargoyle (20 damage)
             ... with a stone arrow
             ... on level 5 of the Dungeon.
             The game lasted 00:12:32 (4407 turns).

croobank the Skirmisher (Hill Orc Fighter)          Turns: 4407, Time: 00:12:33

Health: -17/63     AC:  9    Str: 21    XL:     7   Next: 93%
Magic:  7/7        EV: 10    Int:  8    God:
Gold:   200        SH:  5    Dex: 10    Spells: 6/6 levels left

rFire   . . .      SeeInvis .   a - +1 war axe (freeze)
rCold   . . .      Faith    .   c - +0 buckler
rNeg    . . .      Spirit   .   e - +3 ring mail {Will+}
rPois   +          Reflect  .   (no helmet)
rElec   .          Harm     .   (no cloak)
rCorr   .          Rampage  .   (no gloves)
Will    ++...                   (no boots)
Stlth   ..........              (no amulet)
HPRegen 0.20/turn               t - ring of poison resistance
MPRegen 0.10/turn               z - ring of willpower

@: about to teleport
A: no striking features
a: no special abilities


You were on level 5 of the Dungeon.
You visited 1 branch of the dungeon, and saw 6 of its levels.

You collected 200 gold pieces.

Inventory:

Hand Weapons
 a - a +1 war axe of freezing (weapon)
 b - a +0 hunting sling of flaming
 o - a +1 vampiric dagger
 y - a +0 morningstar
Missiles
 h - 14 poisoned darts (quivered)
 i - 110 stones
Armour
 c - a +0 buckler (worn)
 e - a +3 ring mail of willpower (worn)
 p - a +0 scale mail
Jewellery
 j - an amulet of faith
 t - a ring of poison resistance (left hand)
 z - a ring of willpower (right hand)
 A - a ring of magical power
Wands
 q - a wand of iceblast (7)
 v - a wand of mindburst (8)
Scrolls
 s - a scroll of amnesia
Potions
 d - a potion of might
 f - 2 potions of brilliance
 g - 2 potions of curing
 k - a potion of haste {unknown}
 l - 3 potions of mutation {unknown}
 m - a potion of lignification {unknown}
 n - a potion of magic {unknown}
 r - 2 potions of cancellation {unknown}
 w - a potion of attraction {unknown}
 x - a potion of resistance {unknown}


   Skills:
 + Level 6.3 Fighting
 + Level 6.2 Axes
 + Level 5.7 Armour
 + Level 5.7 Shields


You had 6 spell levels left.
You didn't know any spells.
Your spell library contained the following spells:

 Spells                   Type           Power      Damage    Failure   Level
 Airstrike                Air            0%         N/A       100%        4
 Summon Lightning Spire   Summ/Air       0%         N/A       100%        4
 Lightning Bolt           Conj/Air       0%         1d11      100%        5


Dungeon Overview and Level Annotations

Branches:
Dungeon (6/15)
 Temple: D:4-7

Altars:
Elyvilon

Shops:
D:3 (


Message History

The ogre barely misses you.
You hit the ogre but do no damage.
The ogre is heavily wounded.
The ogre closely misses you.
You slash the ogre! You freeze the ogre.
You kill the ogre!
Your Axes skill increases to level 6!
No target in view!
You see here a +0 giant spiked club.
l - 3 purple potions (gained 1)
A scorpion comes into view.
A gargoyle comes into view. It is wielding a +0 flail.
Found a white marble altar of Elyvilon.
You hit the scorpion but do no damage.
The scorpion stings you but does no damage.
Unknown command.
The scorpion stings you but does no damage. x2
You barely miss the scorpion. The scorpion stings you.
You closely miss the scorpion. The scorpion barely misses you.
The scorpion stings you.
You slash the scorpion! You freeze the scorpion.
The scorpion is almost dead.
The scorpion barely misses you. You block the gargoyle's attack.
You closely miss the gargoyle. You hit the scorpion. You freeze the scorpion.
You kill the scorpion!
The gargoyle hits you with a +0 flail.
You hit the gargoyle but do no damage. The gargoyle hits you with a +0 flail!!
You hit the gargoyle but do no damage.
The gargoyle hurls a stone arrow at you.
The stone arrow hits you.
You hit the gargoyle but do no damage. The gargoyle hits you with a +0 flail!
* * * LOW HITPOINT WARNING * * *
The gargoyle hurls a stone arrow at you.
The stone arrow hits you!
* * * LOW HITPOINT WARNING * * *
As you read the scroll of teleportation, it crumbles to dust.
You feel strangely unstable. You block the gargoyle's attack.
The gargoyle hurls a stone arrow at you.
The stone arrow hits you!!
You die...

..._.. ..#... ......
##....# ##### .......
#...# ##....###.#.###
#......#@.....#
#9.##...### ##
##.#......##.#
#..........#.##
####..........###
###...#......#
#...###......# #
......#...>..# ##.
......#..)#..#####...


You could see a gargoyle.

Vanquished Creatures
  Menkaure (D:5)
  An ogre (D:5)
  A phantom (D:4)
  Blork the orc (D:4)
  3 scorpions
  A howler monkey (D:5)
  A hound (D:5)
  A jelly (D:4)
  An orc wizard (D:3)
  Natasha (thrice) (D:2)
  A gnoll (D:4)
  2 adders (D:3)
  2 worms
  2 dart slugs
  4 orcs
  6 endoplasms
  2 giant cockroaches
  8 goblins
  5 hobgoblins
  6 jackals
  3 quokkas
  6 ball pythons
  5 bats
  3 frilled lizards
  8 kobolds
  8 rats
85 creatures vanquished.

Notes
Turn   | Place    | Note
-------+----------+-------------------------------------------
     0 | D:1      | croobank the Hill Orc Fighter began the quest for the Orb.
     0 | D:1      | Reached XP level 1. HP: 19/19 MP: 1/1
   338 | D:1      | Reached XP level 2. HP: 27/27 MP: 2/2
  1279 | D:2      | Reached XP level 3. HP: 33/33 MP: 3/3
  1461 | D:2      | Found a faded altar of an unknown god.
  1552 | D:2      | Noticed Natasha
  1557 | D:2      | Killed Natasha
  1611 | D:2      | Reached XP level 4. HP: 34/40 MP: 4/4
  1757 | D:2      | Noticed Natasha
  1772 | D:2      | Killed Natasha
  2136 | D:2      | Noticed Natasha
  2143 | D:2      | Killed Natasha
  2303 | D:3      | Reached XP level 5. HP: 42/47 MP: 5/5
  2462 | D:3      | Found Zah Pysonn's Weapon Boutique.
  3284 | D:4      | Reached skill level 5 in Fighting
  3284 | D:4      | Reached XP level 6. HP: 56/56 MP: 6/6
  3316 | D:4      | Noticed Blork the orc
  3325 | D:4      | Killed Blork the orc
  3418 | D:4      | Reached skill level 5 in Axes
  3418 | D:4      | Reached skill level 5 in Shields
  3692 | D:4      | Reached skill level 5 in Armour
  3692 | D:4      | Reached XP level 7. HP: 57/61 MP: 7/7
  4095 | D:5      | Entered Level 5 of the Dungeon
  4116 | D:5      | Noticed Menkaure
  4120 | D:5      | Killed Menkaure
  4396 | D:5      | Found a white marble altar of Elyvilon.
  4396 | D:5      | Noticed a gargoyle
  4405 | D:5      | HP: 3/63 [gargoyle/stone arrow (9)]
  4407 | D:5      | Killed from afar by a gargoyle

Illustrated notes

Levels and vault maps discovered:
D:1:      psy_arrival_terrarium, layout_basic,
          hangedman_abyss_or_decor_lesser_grid, lemuel_flame_loot_1
D:2:      layout_basic, chequers_ecumenical_altar_simple_redux, uniq_natasha
D:3:      layout_loops_cross, serial_shops, nicolae_shop_trees
D:4:      minmay_general_purpose_star, layout_basic, minmay_vboxes,
          uniq_blork_the_orc
D:5:      layout_cave_pools, grunt_temple_overflow_open,
          mainiacjoe_overflow_catwalk, hangedman_feature_mirror,
          skrybe_limestone_x, uniq_menkaure
D:6:      layout_basic, serial_glass, glass_columns_a, glass_columns_a,
          uniq_duvessa, uniq_sigmund

Skill      XL: |  1  2  3  4  5  6  7 |
---------------+----------------------+-----
Axes           | 3 4 5 6 |  6.2
Fighting       | 4 5 6 |  6.3
Shields        | 4 5 |  5.7
Armour         | 4 5 |  5.7

Action                   |  1- 3 |  4- 6 |  7- 9 || total
-------------------------+-------+-------+-------++-------
Melee: War axe           |    90 |   114 |    24 ||   228
Evoke: Wand              |       |     1 |     4 ||     5
  Use: Scroll            |     5 |     9 |     1 ||    15
Armor: Scale mail        |     7 |       |       ||     7
       Ring mail         |    40 |    66 |     7 ||   113
Dodge: Dodged            |    38 |    54 |    11 ||   103
Block: Buckler           |    17 |    28 |     4 ||    49

Table legend: (Time is in decaauts)
 A = Elapsed time spent in this place.
 B = Non-inter-level travel time spent in this place.
 C = Inter-level travel time spent in this place.
 D = Time resting spent in this place.
 E = Time spent auto-exploring this place.
 F = Levels seen in this place.
 G = Mean time per level.
                   A        B        C        D        E       F      G
               +--------+--------+--------+--------+--------+-----+--------+
         Total |   4485 |   4395 |     90 |    883 |   2630 |   6 |  747.5 |
       Dungeon |   4485 |   4395 |     90 |    883 |   2630 |   6 |  747.5 |
               +--------+--------+--------+--------+--------+-----+--------+

Top non-repeatable levels by time:
     D:2: 1230 daAuts
     D:1: 1173 daAuts
     D:4: 1148 daAuts
     D:3: 616 daAuts
     D:6: 245 daAuts
     D:5: 70 daAuts
